Map: Golden Wall LE

Players

MeperDonas - Winner!

  • Race: Terran Terran
  • League: Diamond
  • Spawn Location: 5:00

Hydra

  • Race: Terran Terran
  • Spawn Location: 7:00

VOD

Have the link to the VOD?

Description

Time

  • Played on: Sept. 18, 2020, 3:48 p.m.
  • Length: 6:58
Show
View Real Time Build Order
Export as new Build Order

MeperDonas Terran - Winner!

Build Orders: Reaper Expand 

Get SALT Encoding   

  12  0:00  SCV  
  13  0:12  SCV  
  14  0:18  Supply Depot  
  14  0:24  SCV  
  15  0:39  SCV  
  15  0:41  Barracks  
  16  0:49  Refinery  
  16  0:51  SCV  
  17  1:04  SCV  
  18  1:16  SCV  
  19  1:30  Supply Depot  
  19  1:31  Reaper  
  21  1:33  Orbital Command  
  20  2:02  SCV  
  20  2:05  Command Center  
  20  2:08  Barracks Reactor  
  21  2:16  SCV, Refinery  
  22  2:27  Factory  
  22  2:31  SCV  
  23  2:43  SCV  
  24  2:55  SCV  
  25  2:59  Marine  
  26  3:07  SCV  
  27  3:19  SCV  
  28  3:23  Starport  
  28  3:27  Barracks Tech Lab, Armory  
  28  3:31  SCV  
  29  3:37  Hellion x2  
  33  3:41  Orbital Command  
  33  3:43  SCV  
  34  3:55  SCV  
  34  4:02  Starport Tech Lab  
  34  4:11  SCV  
  34  4:12  SCV  
  34  4:13  Fusion Core  
  36  4:19  Command Center  
  36  4:23  SCV  
  36  4:24  Marine, SCV  
  38  4:26  Hellion  
  38  4:28  Widow Mine  
  43  4:35  Terran Vehicle And Ship Armor Level 1  
  43  4:36  SCV  
  44  4:41  Viking  
  46  4:47  Supply Depot  
  46  4:54  Supply Depot  
  46  5:08  SCV x2, Marine  
  49  5:20  SCV, Battlecruiser  
  56  5:25  SCV  
  56  5:26  Marine  
  58  5:32  SCV  
  55  5:44  Marine  
  56  5:53  Hellion x2  
  56  5:56  Orbital Command  
  60  6:01  Marine  
  60  6:02  SCV x2  
  63  6:06  Refinery  
  63  6:07  Refinery  
  63  6:13  Supply Depot  
  63  6:14  SCV  
  63  6:15  SCV  
  65  6:18  Starport  
  65  6:19  Marine  
  66  6:26  SCV x2  
  68  6:35  Supply Depot  
  68  6:37  Marine  
  73  6:57  Barracks  
Show
View Real Time Build Order
Export as new Build Order

Hydra Terran 

Build Orders:  

Get SALT Encoding   

  12  0:02  SCV  
  13  0:21  Supply Depot  
  13  0:23  SCV  
  14  0:35  SCV  
  15  0:45  Barracks  
  15  0:47  SCV  
  16  0:59  SCV  
  17  1:10  Refinery  
  17  1:11  SCV  
  18  1:23  SCV, Refinery  
  19  1:35  SCV  
  20  1:47  SCV  
  21  2:00  SCV  
  21  2:12  SCV  
  21  2:13  Supply Depot  
  22  2:31  Factory  
  21  2:45  Barracks Reactor  
  21  2:49  Supply Depot  
  15  3:27  Marine x2, Hellion  
  19  3:45  Marine x2  
  19  3:53  SCV  
  19  4:05  SCV  
  20  4:17  SCV  
  20  4:23  Widow Mine  
  20  4:24  Widow Mine  
  25  4:29  SCV  
  26  4:37  Barracks Tech Lab  
  26  4:41  SCV  
  26  4:45  Widow Mine x2  
  31  5:04  Orbital Command  
  31  5:06  Widow Mine x2  
  33  5:27  Widow Mine  
  27  6:12  Starport  
  27  6:31  Command Center  
  27  6:35  Widow Mine  
  27  6:36  Widow Mine  
  25  6:49  Starport  
Tags
 
League
Diamond
Matchup
TvT
Race
Terran
Replay Pack
test
Spawn Locations
Close Positions
Add a new tag
Caveats
  • Supply blocks, unpowered buildings, or Contaminate may cause inaccurate times.
  • Supply counts are checked every 10 seconds.